| TOP OF THE 1ST |
|
Charleston RiverDogs batting - Pitching for Clinton LumberKings : LHP Ramiro Aguilar
|
|
Pitching: LHP Ramiro Aguilar
|
|
|
Batting: RHB Jonathan Iniguez
|
0-0: Ball 1-0: Fly out, F3 (Line Drive, 3L, EV 68.8 MPH)
|
|
Batting: SHB Corey Penson
|
0-0: Foul Ball, location: 2F 0-1: SINGLE (Groundball, 6MD, EV 104.4 MPH)
|
|
Batting: RHB Iften Olujimi
|
0-0: Swinging Strike 0-1: Foul Ball, location: 2F 0-2: Fielders Choice at 2nd, 4-6 (Groundball, 4M, EV 85.0 MPH)
|
|
Batting: RHB Bill Nguyen-Tan
|
0-0: Swinging Strike 0-1: Ball 1-1: Ball 2-1: Ball 3-1: Base on Balls Iften Olujimi to second
|
|
Batting: RHB Mike Zern
|
0-0: Ball 1-0: Called Strike 1-1: Swinging Strike 1-2: Ball 2-2: Ball 3-2: Base on Balls Iften Olujimi to third Bill Nguyen-Tan to second
|
|
Batting: LHB Steve LeGrand
|
0-0: Ball Wild Pitch! Iften Olujimi scores Bill Nguyen-Tan to third Mike Zern to second 1-0: Called Strike 1-1: Ball 2-1: Swinging Strike 2-2: Ground out 6-3 (Groundball, 6, EV 90.6 MPH)
|
| Top of the 1st over - 1 run, 1 hit, 0 errors, 2 left on base; Charleston 1 - Clinton 0 |
| BOTTOM OF THE 1ST |
|
Clinton LumberKings batting - Pitching for Charleston RiverDogs : RHP Bill Setzer
|
|
Pitching: RHP Bill Setzer
|
|
|
Batting: RHB Rich Justice
|
0-0: Ball 1-0: Ball 2-0: Called Strike 2-1: Ball 3-1: Foul Ball, location: 2F 3-2: Base on Balls
|
|
Batting: RHB Kinzo Yokoyama
|
0-0: Called Strike 0-1: Ball 1-1: Ball 2-1: Ball 3-1: SINGLE (Groundball, 6MS, EV 68.1 MPH) (infield hit) Rich Justice to second
|
|
Batting: RHB Chris Skaff
|
0-0: Ball 1-0: DOUBLE (Line Drive, 9LS, EV 111.2 MPH) Rich Justice scores Kinzo Yokoyama to third
|
|
Batting: RHB Ryan Criollo
|
0-0: Called Strike 0-1: Ball 1-1: Foul Ball, location: 2F 1-2: Fly out, F7 (Flyball, 78M, EV 94.4 MPH)
|
|
Batting: RHB Ivan Davila
|
0-0: Ball 1-0: Ball 2-0: Ball 3-0: Called Strike 3-1: Called Strike 3-2: Foul Ball, location: 2F 3-2: Foul Ball, location: 2F 3-2: Foul Ball, location: 2F 3-2: Base on Balls
|
|
Batting: SHB Tony Morales
|
0-0: Called Strike 0-1: Ball 1-1: Ball 2-1: Grounds into fielders choice 1-2 (Groundball, 15S, EV 72.5 MPH) Chris Skaff to third Ivan Davila to second
|
|
Batting: SHB Dave Reynoso
|
0-0: GRAND SLAM HOME RUN (Flyball, 89XD, EV 110.6 MPH), Distance : 443 ft
|
|
Batting: RHB Omar Solis
|
0-0: Foul Ball, location: 2F 0-1: Foul Ball, location: 2F 0-2: Ball 1-2: Strikes out swinging
|
| Bottom of the 1st over - 5 runs, 3 hits, 0 errors, 0 left on base; Charleston 1 - Clinton 5 |
| TOP OF THE 2ND |
|
Charleston RiverDogs batting - Pitching for Clinton LumberKings : LHP Ramiro Aguilar
|
|
Batting: RHB Nate Singleton
|
0-0: Ball 1-0: Ball 2-0: Ball 3-0: Base on Balls
|
|
Batting: RHB Matt Alderson
|
0-0: Ball 1-0: Foul Ball, location: 2F 1-1: Ball 2-1: Ball 3-1: Base on Balls Nate Singleton to second
|
|
Batting: RHB Louwe Starmans
|
0-0: Ball 1-0: Called Strike 1-1: Fielders Choice at 2nd, 5-4 (Groundball, 56S, EV 79.4 MPH) Nate Singleton to third
|
|
Batting: RHB Jonathan Iniguez
|
0-0: Ball 1-0: Called Strike 1-1: Ball 2-1: Foul Ball, location: 2F 2-2: Ball 3-2: Fly out, F4 (Popup, 4, EV 78.8 MPH)
|
|
Batting: SHB Corey Penson
|
0-0: Reached on error, E6 (Groundball, 6, EV 88.8 MPH) Nate Singleton scores Louwe Starmans to second
|
|
Batting: RHB Iften Olujimi
|
0-0: Fly out, F7 (Flyball, 78S, EV 78.1 MPH)
|
| Top of the 2nd over - 1 run, 0 hits, 1 error, 2 left on base; Charleston 2 - Clinton 5 |
| BOTTOM OF THE 2ND |
|
Clinton LumberKings batting - Pitching for Charleston RiverDogs : RHP Bill Setzer
|
|
Batting: SHB Raghnall Ahearne
|
0-0: Called Strike 0-1: Ball 1-1: Ball 2-1: Ball 3-1: Foul Ball, location: 2F 3-2: Ground out 6-3 (Groundball, 6, EV 79.4 MPH)
|
|
Batting: RHB Rich Justice
|
0-0: Ball 1-0: Ground out 5-3 (Groundball, 5, EV 78.1 MPH)
|
|
Batting: RHB Kinzo Yokoyama
|
0-0: Ball 1-0: SINGLE (Flyball, 89S, EV 88.1 MPH)
|
|
Batting: RHB Chris Skaff
|
0-0: Fielders Choice at 2nd, 5-4 (Groundball, 5L, EV 86.2 MPH)
|
| Bottom of the 2nd over - 0 runs, 1 hit, 0 errors, 1 left on base; Charleston 2 - Clinton 5 |
| TOP OF THE 3RD |
|
Charleston RiverDogs batting - Pitching for Clinton LumberKings : LHP Ramiro Aguilar
|
|
Batting: RHB Bill Nguyen-Tan
|
0-0: Called Strike 0-1: Called Strike 0-2: Fly out, F7 (Flyball, 7, EV 93.1 MPH)
|
|
Batting: RHB Mike Zern
|
0-0: Ball 1-0: Ball 2-0: Ball 3-0: Called Strike 3-1: Base on Balls
|
|
Batting: LHB Steve LeGrand
|
0-0: Called Strike 0-1: Reached on error, E1 (Groundball, 34S, EV 71.9 MPH) Mike Zern to second
|
|
Batting: RHB Nate Singleton
|
0-0: Ball 1-0: Grounds into double play, 6-4-3 (Groundball, 6, EV 91.9 MPH)
|
| Top of the 3rd over - 0 runs, 0 hits, 1 error, 1 left on base; Charleston 2 - Clinton 5 |
| BOTTOM OF THE 3RD |
|
Clinton LumberKings batting - Pitching for Charleston RiverDogs : RHP Bill Setzer
|
|
Batting: RHB Ryan Criollo
|
0-0: Ball 1-0: Called Strike 1-1: Called Strike 1-2: SINGLE (Groundball, 34D, EV 103.1 MPH)
|
|
Batting: RHB Ivan Davila
|
0-0: Ball 1-0: Fly out, F8 (Flyball, 8RD, EV 101.9 MPH)
|
|
Batting: SHB Tony Morales
|
0-0: Called Strike Ryan Criollo is caught stealing 2nd base 2-6 0-1: Ball 1-1: Ground out 6-3 (Groundball, 6, EV 85.0 MPH)
|
| Bottom of the 3rd over - 0 runs, 1 hit, 0 errors, 0 left on base; Charleston 2 - Clinton 5 |
| TOP OF THE 4TH |
|
Charleston RiverDogs batting - Pitching for Clinton LumberKings : LHP Ramiro Aguilar
|
|
Batting: RHB Matt Alderson
|
0-0: Ball 1-0: Foul Ball, location: 2F 1-1: Ball 2-1: Ball 3-1: Base on Balls
|
|
Batting: RHB Louwe Starmans
|
0-0: Called Strike 0-1: Ball 1-1: Foul Ball, location: 2F 1-2: Ball 2-2: Foul Ball, location: 2F 2-2: Fly out, F8 (Flyball, 8LM, EV 81.9 MPH)
|
|
Batting: RHB Jonathan Iniguez
|
0-0: Foul Ball, location: 2F 0-1: Called Strike 0-2: Ball 1-2: Ball 2-2: Foul Ball, location: 2F 2-2: Strikes out looking
|
|
Batting: SHB Corey Penson
|
0-0: Called Strike 0-1: Ground out 1-3 (Groundball, 13S, EV 74.4 MPH)
|
| Top of the 4th over - 0 runs, 0 hits, 0 errors, 1 left on base; Charleston 2 - Clinton 5 |
| BOTTOM OF THE 4TH |
|
Clinton LumberKings batting - Pitching for Charleston RiverDogs : RHP Bill Setzer
|
|
Batting: SHB Dave Reynoso
|
0-0: Ball 1-0: Called Strike 1-1: Ball 2-1: Swinging Strike 2-2: Fly out, F7 (Flyball, 78M, EV 83.1 MPH)
|
|
Batting: RHB Omar Solis
|
0-0: Ball 1-0: Called Strike 1-1: Ground out 6-3 (Groundball, 6, EV 82.5 MPH)
|
|
Batting: SHB Raghnall Ahearne
|
0-0: Called Strike 0-1: Fly out, F9 (Flyball, 9LD, EV 100.0 MPH)
|
| Bottom of the 4th over - 0 runs, 0 hits, 0 errors, 0 left on base; Charleston 2 - Clinton 5 |
| TOP OF THE 5TH |
|
Charleston RiverDogs batting - Pitching for Clinton LumberKings : LHP Ramiro Aguilar
|
|
Batting: RHB Iften Olujimi
|
0-0: Foul Ball, location: 2F 0-1: Swinging Strike 0-2: Ball 1-2: Ball 2-2: Ball 3-2: Base on Balls
|
|
Batting: RHB Bill Nguyen-Tan
|
0-0: Ball 1-0: Called Strike 1-1: Called Strike 1-2: Ball Iften Olujimi is caught stealing 2nd base 2-4 2-2: Foul Ball, location: 2F 2-2: Strikes out swinging
|
|
Pitching: RHP Rickey DuMire
|
|
|
Batting: RHB Mike Zern
|
0-0: Foul Ball, location: 2F 0-1: Ball 1-1: Fly out, F9 (Flyball, 89S, EV 86.9 MPH)
|
| Top of the 5th over - 0 runs, 0 hits, 0 errors, 0 left on base; Charleston 2 - Clinton 5 |
| BOTTOM OF THE 5TH |
|
Clinton LumberKings batting - Pitching for Charleston RiverDogs : RHP Bill Setzer
|
|
Batting: RHB Rich Justice
|
0-0: Foul Ball, location: 2F 0-1: Ball 1-1: Ball 2-1: Foul Ball, location: 2F 2-2: SINGLE (Groundball, 34D, EV 97.5 MPH)
|
|
Pitching: RHP Austin Trzcinski
|
|
|
Batting: RHB Kinzo Yokoyama
|
0-0: Ball 1-0: Ball Passed Ball! Rich Justice to second 2-0: Ground out 6-3 (Groundball, 6, EV 108.8 MPH)
|
|
Batting: RHB Chris Skaff
|
0-0: Called Strike 0-1: Swinging Strike 0-2: Ball 1-2: Ball 2-2: Ball 3-2: Base on Balls
|
|
Batting: RHB Ryan Criollo
|
0-0: Grounds into double play, 4-6-3 (Groundball, 4, EV 90.6 MPH)
|
| Bottom of the 5th over - 0 runs, 1 hit, 0 errors, 1 left on base; Charleston 2 - Clinton 5 |
| TOP OF THE 6TH |
|
Charleston RiverDogs batting - Pitching for Clinton LumberKings : RHP Rickey DuMire
|
|
Batting: LHB Steve LeGrand
|
0-0: Ball 1-0: Ball 2-0: Called Strike 2-1: Ball 3-1: Called Strike 3-2: Base on Balls
|
|
Batting: RHB Nate Singleton
|
0-0: Fielders Choice at 2nd, 6-4 (Groundball, 6M, EV 109.4 MPH)
|
|
Batting: RHB Matt Alderson
|
0-0: Called Strike 0-1: Ball 1-1: Swinging Strike 1-2: Ball 2-2: Foul Ball, location: 2F 2-2: Foul Ball, location: 2F 2-2: Foul Ball, location: 2F 2-2: Fly out, F7 (Line Drive, 7, EV 90.6 MPH)
|
|
Pinch Hitting: LHB Dale Anderson
|
0-0: Ball 1-0: Fly out, F9 (Flyball, 89M, EV 84.4 MPH)
|
| Top of the 6th over - 0 runs, 0 hits, 0 errors, 1 left on base; Charleston 2 - Clinton 5 |
| BOTTOM OF THE 6TH |
|
Clinton LumberKings batting - Pitching for Charleston RiverDogs : RHP Austin Trzcinski
|
|
Now at 3B: Lorenzo Vasquez
|
|
|
Batting: RHB Ivan Davila
|
0-0: Called Strike 0-1: Ball 1-1: Ball 2-1: Called Strike 2-2: Strikes out swinging
|
|
Batting: SHB Tony Morales
|
0-0: Called Strike 0-1: Swinging Strike 0-2: Strikes out swinging
|
|
Batting: SHB Dave Reynoso
|
0-0: Ball 1-0: Called Strike 1-1: Foul Ball, location: 2F 1-2: Ground out 4-3 (Groundball, 4, EV 98.1 MPH)
|
| Bottom of the 6th over - 0 runs, 0 hits, 0 errors, 0 left on base; Charleston 2 - Clinton 5 |
| TOP OF THE 7TH |
|
Charleston RiverDogs batting - Pitching for Clinton LumberKings : RHP Rickey DuMire
|
|
Pitching: RHP Eduardo Arlarcon
|
|
|
Batting: RHB Jonathan Iniguez
|
0-0: Ball 1-0: Ball 2-0: Foul Ball, location: 2F 2-1: Called Strike 2-2: Foul Ball, location: 2F 2-2: Strikes out swinging
|
|
Batting: SHB Corey Penson
|
0-0: Ball 1-0: Foul Ball, location: 2F 1-1: SINGLE (Groundball, 4MD, EV 101.9 MPH)
|
|
Batting: RHB Iften Olujimi
|
0-0: Swinging Strike 0-1: Called Strike 0-2: Ball 1-2: Foul Ball, location: 2F 1-2: Foul Ball, location: 2F 1-2: Fielders Choice at 2nd, 6-4 (Groundball, 6, EV 100.6 MPH)
|
|
Batting: RHB Bill Nguyen-Tan
|
0-0: Ball 1-0: Called Strike 1-1: Ball 2-1: Swinging Strike 2-2: Strikes out swinging
|
| Top of the 7th over - 0 runs, 1 hit, 0 errors, 1 left on base; Charleston 2 - Clinton 5 |
| BOTTOM OF THE 7TH |
|
Clinton LumberKings batting - Pitching for Charleston RiverDogs : RHP Austin Trzcinski
|
|
Pitching: RHP Mike Pickens
|
|
|
Batting: RHB Omar Solis
|
0-0: Called Strike 0-1: Ball 1-1: Ball 2-1: Foul Ball, location: 2F 2-2: Ball 3-2: Foul Ball, location: 2F 3-2: Foul Ball, location: 2F 3-2: Strikes out swinging
|
|
Batting: SHB Raghnall Ahearne
|
0-0: Called Strike 0-1: Ball 1-1: Swinging Strike 1-2: Ball 2-2: Foul Ball, location: 2F 2-2: Strikes out swinging
|
|
Batting: RHB Rich Justice
|
0-0: Ground out 4-3 (Groundball, 4M, EV 90.0 MPH)
|
| Bottom of the 7th over - 0 runs, 0 hits, 0 errors, 0 left on base; Charleston 2 - Clinton 5 |
| TOP OF THE 8TH |
|
Charleston RiverDogs batting - Pitching for Clinton LumberKings : RHP Eduardo Arlarcon
|
|
Batting: RHB Mike Zern
|
0-0: Ball 1-0: Ball 2-0: Ball 3-0: Called Strike 3-1: Foul Ball, location: 2F 3-2: Base on Balls
|
|
Batting: LHB Steve LeGrand
|
0-0: Swinging Strike 0-1: Fly out, F8 (Line Drive, 8RS, EV 90.0 MPH)
|
|
Batting: RHB Nate Singleton
|
0-0: Foul Ball, location: 2F 0-1: Ball Passed Ball! Mike Zern to second 1-1: Ball Wild Pitch! Mike Zern to third 2-1: Ball 3-1: Called Strike 3-2: Foul Ball, location: 2F 3-2: Base on Balls
|
|
Pitching: RHP Bill Porter
|
|
|
Batting: RHB Matt Alderson
|
0-0: SINGLE (Groundball, 6MD, EV 98.1 MPH) Mike Zern scores Nate Singleton to second
|
|
Pinch Hitting: LHB Justin O'Neal
|
0-0: Ball Wild Pitch! Nate Singleton to third Matt Alderson to second 1-0: Swinging Strike 1-1: Ball 2-1: Called Strike 2-2: Foul Ball, location: 2F 2-2: Strikes out swinging
|
|
Pinch Hitting: LHB Ernesto Abreu
|
0-0: Ball 1-0: Called Strike 1-1: Ball 2-1: Fly out, F9 (Flyball, 9LMF, EV 73.8 MPH)
|
| Top of the 8th over - 1 run, 1 hit, 0 errors, 2 left on base; Charleston 3 - Clinton 5 |
| BOTTOM OF THE 8TH |
|
Clinton LumberKings batting - Pitching for Charleston RiverDogs : RHP Mike Pickens
|
|
Pitching: RHP Greg Ritchie
|
|
|
Now at 3B: Justin O'Neal
|
|
|
Now in CF: Ernesto Abreu
|
|
|
Batting: RHB Kinzo Yokoyama
|
0-0: Called Strike 0-1: Ground out 5-3 (Groundball, 56, EV 85.6 MPH)
|
|
Batting: RHB Chris Skaff
|
0-0: Called Strike 0-1: Called Strike 0-2: Ball 1-2: Ball 2-2: Ball 3-2: DOUBLE (Flyball, 8LXD, EV 103.1 MPH)
|
|
Batting: RHB Ryan Criollo
|
0-0: Ball 1-0: Called Strike 1-1: Called Strike 1-2: Foul Ball, location: 2F 1-2: Foul Ball, location: 2F 1-2: Foul Ball, location: 2F 1-2: SINGLE (Groundball, 34D, EV 98.1 MPH) Chris Skaff to third
|
|
Batting: RHB Ivan Davila
|
0-0: Ball Ryan Criollo is caught stealing 2nd base 2-4 1-0: Intentional Walk
|
|
Batting: SHB Tony Morales
|
0-0: Called Strike 0-1: Swinging Strike 0-2: Ground out U3 (Groundball, 3, EV 109.4 MPH)
|
| Bottom of the 8th over - 0 runs, 2 hits, 0 errors, 2 left on base; Charleston 3 - Clinton 5 |
| TOP OF THE 9TH |
|
Charleston RiverDogs batting - Pitching for Clinton LumberKings : RHP Bill Porter
|
|
Pitching: RHP Dave Williams
|
|
|
Batting: SHB Corey Penson
|
0-0: Foul Ball, location: 2F 0-1: Ball 1-1: Foul Ball, location: 2F 1-2: Foul Ball, location: 2F 1-2: Strikes out swinging
|
|
Batting: RHB Iften Olujimi
|
0-0: Ball 1-0: Called Strike 1-1: Ground out 4-3 (Groundball, 4M, EV 100.0 MPH)
|
|
Batting: RHB Bill Nguyen-Tan
|
0-0: Ball 1-0: Foul Ball, location: 2F 1-1: SINGLE (Groundball, 25, EV 68.8 MPH) (infield hit)
|
|
Batting: RHB Mike Zern
|
0-0: DOUBLE (Line Drive, 9LM, EV 108.1 MPH) Bill Nguyen-Tan to third
|
|
Batting: LHB Steve LeGrand
|
0-0: Ball 1-0: Ball 2-0: Ball Wild Pitch! Bill Nguyen-Tan scores Mike Zern to third 3-0: Base on Balls
|
|
Pinch Hitting: LHB Jeremiah Walker
|
0-0: Swinging Strike 0-1: Swinging Strike 0-2: Strikes out swinging
|
| Top of the 9th over - 1 run, 2 hits, 0 errors, 2 left on base; Charleston 4 - Clinton 5 |
|